 Dungeon Crawl Stone Soup version 0.17.1-2-g5865329 (webtiles) character file.

102 Beholder179 the Skirmisher (level 4, -7/33 HPs)
             Began as a High Elf Abyssal Knight on Jan 24, 2016.
             Was a Follower of Lugonu.
             Mangled by Crazy Yiuf
             ... wielding a +4 quarterstaff of chaos
              (15 damage)
             ... on level 2 of the Dungeon.
             The game lasted 00:19:06 (2815 turns).

Beholder179 the Skirmisher (HEAK)                   Turns: 2815, Time: 00:19:06

Health: -7/33      AC:  4    Str: 11    XL:     4   Next: 50%
Magic:  6/7        EV: 13    Int: 16    God:    Lugonu [*.....]
Gold:   169        SH:  0    Dex: 15    Spells: 0 memorised, 3 levels left

rFire  + . .     SeeInvis .     m - +1 dagger (speed)
rCold  . . .     Clarity  .     n - +2 robe {rF+}
rNeg   . . .     SustAt   .     (no shield)
rPois  .         Gourm    .     (no helmet)
rElec  .         Spirit   .     (no cloak)
rCorr  .         Warding  .     (no gloves)
rMut   .         Stasis   .     (no boots)
MR     .....                    (no amulet)
Stlth  ++........               (no ring)
                                (no ring)

@: very slightly contaminated, not resistant to hostile enchantments, unstealthy
A: no striking features
a: Depart the Abyss, Renounce Religion


You were on level 2 of the Dungeon.
You worshipped Lugonu.
Lugonu was aware of your devotion.
You were not hungry.

You visited 1 branch of the dungeon, and saw 2 of its levels.
You visited the Abyss 2 times.

You collected 169 gold pieces.

Inventory:

Hand Weapons
 m - a +1 dagger of speed (weapon)
Missiles
 b - 3 tomahawks (quivered)
Armour
 n - a +2 robe of fire resistance (worn)
Scrolls
 e - a scroll of random uselessness {unknown}
 g - a scroll of identify
 h - 3 scrolls of fog {unknown}
 k - 3 scrolls of teleportation {unknown}
 l - a scroll of enchant armour {unknown}
 o - 3 scrolls of remove curse {unknown}
 p - a scroll of fear {unknown}
Potions
 a - a potion of mutation
 d - a potion of might
 f - 2 potions of brilliance
 i - a potion of curing
 j - a potion of agility
 q - a potion of lignification {unknown}
Comestibles
 c - 2 bread rations


   Skills:
 - Level 4.1 Fighting
 + Level 1.6(2.3) Short Blades
   Level 2.4(2.7) Long Blades
 - Level 0.8 Armour
 - Level 2.3 Dodging
 + Level 2.3 Stealth
 + Level 2.7 Invocations


You had 3 spell levels left.
You didn't know any spells.

Dungeon Overview and Level Annotations

Branches:
Dungeon (2/15)

Altars:
Ru

Annotations:
D:2 Crazy Yiuf


Message History

Found a scroll labeled ESMUELAESE.
p - a scroll labeled ESMUELAESE A tormentor comes into view.
Found 33 gold pieces.
There is an open door here.
Press: ? - help, v - describe, . - travel
Here: a tormentor (hasn't noticed you)
The floor.
You pass through the gate.
Welcome back to the Dungeon!
Level annotation: Crazy Yiuf You feel somewhat more hungry.
You can no longer bend space around yourself.
Crazy Yiuf hits you with a quarterstaff of chaos!
* * * LOW HITPOINT WARNING * * *
Okay, then.
You don't know any spells.
Crazy Yiuf sings, "Trees, trees, trees, circus!"
Crazy Yiuf hits you with a quarterstaff of chaos!
You die...

####### ############
......# #..........#
......##♣♣ #####
##########.# #..##....♣♣
♣♣#..)# #.#
...#....P.♣♣♣♣..@..# #.#
.>.........♣..♣#.g.# #.#
#.#..#..P.♣.♣♣♣##### #.#
#.##.###♣♣♣♣♣ #.# #.##..#
#######.# #.#####
########## ##...(.... #..
#........#######...####.#
#.
#.......................#
#...<...########...####.#


You could see Crazy Yiuf.

Vanquished Creatures
  Jessica (D:2)
  Terence (D:2)
  2 adders (D:2)
  An ooze (D:1)
  2 ball pythons (D:1)
  A giant cockroach (D:2)
  4 hobgoblins
  2 bats
  2 giant newts
  2 goblins
  9 kobolds
  5 rats
32 creatures vanquished.

Notes
Turn   | Place    | Note
--------------------------------------------------------------
     0 | Abyss:1  | Beholder179 the High Elf Abyssal Knight began the quest for the Orb.
     0 | Abyss:1  | Reached XP level 1. HP: 16/16 MP: 3/3
    66 | Abyss:1  | Noticed a large abomination
    68 | Abyss:1  | Noticed an ancient zyme
    78 | D:1      | Escaped the Abyss
   617 | D:1      | Reached XP level 2. HP: 18/21 MP: 4/4
  1296 | D:2      | Noticed Jessica
  1318 | D:2      | Killed Jessica
  1318 | D:2      | Reached skill level 4 in Fighting
  1318 | D:2      | Reached XP level 3. HP: 2/27 MP: 5/5
  1578 | D:2      | Reached skill level 1 in Stealth
  1999 | D:2      | Noticed Terence
  2023 | D:2      | Killed Terence
  2023 | D:2      | Reached XP level 4. HP: 9/33 MP: 6/6
  2376 | D:2      | Found a sacrificial altar of Ru.
  2411 | D:2      | Reached ** piety under Lugonu
  2411 | D:2      | Reached skill level 1 in Short Blades
  2726 | D:2      | Noticed Crazy Yiuf
  2744 | D:2      | Cast into the Abyss (Crazy Yiuf)
  2784 | Abyss:1  | Noticed a fire giant skeleton
  2793 | Abyss:1  | Noticed a freezing wraith
  2813 | Abyss:1  | Noticed a tormentor
  2814 | D:2      | Escaped the Abyss
  2815 | D:2      | Mangled by Crazy Yiuf

Action                   |  1- 3 |  4- 6 || total
-------------------------+-------+-------++-------
Melee: Falchion          |    56 |       ||    56
       Dagger            |    52 |    64 ||   116
Throw: Tomahawk          |       |     3 ||     3
Invok: Depart the Abyss  |       |     1 ||     1
  Use: Potion            |     1 |       ||     1
       Scroll            |     1 |     3 ||     4
 Stab: Sleeping          |       |     1 ||     1
  Eat: Chunk             |     1 |       ||     1
       Meat ration       |     1 |       ||     1
